Map: Eastwatch LE

Players

jayparkin

  • Race: Protoss Protoss
  • League: Silver
  • Spawn Location: 1:00

CinDra - Winner!

  • Race: Zerg Zerg
  • League: Bronze
  • Spawn Location: 7:00

VOD

Have the link to the VOD?

Description

Time

  • Played on: Feb. 10, 2018, 6:04 p.m.
  • Length: 23:02
Show
View Real Time Build Order
Export as new Build Order

jayparkin Protoss 

Build Orders: Oracle Opening, Phoenix Opening 

Get SALT Encoding   

  12  0:00  Probe  
  13  0:12  Probe  
  14  0:21  Pylon  
  14  0:25  Probe  
  15  0:39  Gateway, Probe  
  16  0:49  Assimilator  
  16  0:51  Probe  
  17  1:03  Probe  
  18  1:15  Probe  
  18  1:17  Assimilator  
  19  1:27  Probe  
  20  1:39  Probe  
  21  1:40  Cybernetics Core  
  21  1:50  Pylon  
  21  1:51  Probe  
  21  1:53  Pylon  
  22  2:03  Probe  
  22  2:06  Gateway  
  23  2:10  Warp Gate (Chrono Boost)  
  23  2:21  Stalker  
  25  2:28  Gateway  
  25  2:42  Stargate  
  25  3:05  Nexus  
  25  3:07  Shield Battery  
  25  3:20  Adept  
  25  3:26  Oracle (Chrono Boost)  
  30  3:30  Probe  
  31  3:42  Probe  
  32  3:53  Stalker  
  34  3:55  Phoenix (Chrono Boost)  
  36  4:09  Forge  
  36  4:14  Twilight Council  
  36  4:22  Pylon  
  36  4:27  Probe x2  
  38  4:39  Probe x2  
  40  4:48  Stalker x2  
  40  4:49  Adept  
  46  4:53  Protoss Ground Weapons Level 1  
  46  4:58  Resonating Glaives (Chrono Boost)  
  46  5:06  Protoss Air Weapons Level 1  
  46  5:12  Probe x2  
  48  5:24  Adept, Probe x2  
  48  5:25  Adept  
  54  5:32  Stalker  
  52  5:36  Probe  
  46  5:47  Photon Cannon  
  46  5:48  Photon Cannon  
  38  6:19  Probe x2 (Chrono Boost)  
  38  6:25  Oracle  
  43  6:29  Probe x2 (Chrono Boost)  
  43  6:31  Charge  
  45  6:34  Probe x2 (Chrono Boost)  
  45  6:36  Adept  
  45  6:39  Adept  
  51  6:45  Probe x2  
  53  6:48  Adept, Assimilator  
  55  6:57  Probe x2, Assimilator  
  57  7:02  Adept  
  57  7:03  Adept  
  61  7:09  Probe  
  62  7:21  Pylon  
  62  7:22  Pylon  
  62  7:39  Probe x2  
  64  7:48  Stalker  
  64  7:49  Protoss Ground Weapons Level 2  
  64  7:51  Probe x2  
  68  8:03  Probe x2  
  70  8:15  Probe x2  
  66  8:27  Probe, Phoenix (Chrono Boost)  
  66  8:32  Protoss Air Armor Level 1  
  69  8:43  Robotics Facility, Phoenix (Chrono Boost)  
  71  8:58  Stalker  
  71  8:59  Stalker x2  
  76  9:06  Photon Cannon x2  
  76  9:08  Photon Cannon, Phoenix  
  78  9:12  Photon Cannon  
  78  9:13  Photon Cannon  
  78  9:18  Pylon  
  78  9:28  Pylon  
  78  9:38  Photon Cannon  
  78  9:40  Stargate, Photon Cannon  
  78  9:44  Stargate  
  78  9:45  Phoenix  
  80  9:48  Pylon  
  80  9:58  Stalker  
  80  9:59  Stalker x2  
  86  10:09  Phoenix  
  86  10:22  Stalker x2  
  86  10:23  Stalker  
  88  10:59  Nexus  
  88  11:03  Protoss Ground Weapons Level 3 (Chrono Boost)  
  88  11:08  Pylon  
  88  11:09  Blink (Chrono Boost)  
  88  11:14  Pylon  
  88  11:16  Observer  
  88  11:18  Gateway  
  89  11:21  Pylon  
  89  11:28  Phoenix x2  
  89  11:29  Gateway  
  93  11:36  Warp Prism  
  93  11:38  Photon Cannon  
  93  11:39  Photon Cannon, Forge  
  95  11:50  Pylon  
  95  12:03  Fleet Beacon  
  95  12:13  Immortal  
  95  12:14  Stalker x2  
  103  12:33  Zealot  
  103  12:34  Zealot  
  107  12:45  Photon Cannon x2  
  87  13:14  Phoenix x2  
  87  13:15  Phoenix  
  93  13:28  Probe x3  
  96  13:39  Phoenix x2  
  96  13:40  Probe x3  
  109  13:49  Templar Archives  
  109  13:52  Probe x2  
  111  14:04  Assimilator  
  111  14:06  Assimilator  
  111  14:12  Stalker x3  
  113  14:30  Anion Pulse-Crystals  
  113  14:37  Carrier  
  96  15:03  Pylon  
  96  15:06  Pylon  
  94  15:09  Pylon  
  94  15:11  Pylon  
  94  15:13  Pylon  
  94  15:24  Pylon  
  94  15:28  Pylon  
  94  15:31  Pylon  
  94  15:32  Stalker  
  94  15:33  Stalker x2, Carrier x2 (Chrono Boost)  
  112  15:48  Protoss Ground Armor Level 1 (Chrono Boost)  
  112  16:00  Carrier (Chrono Boost)  
  118  16:28  Photon Cannon  
  118  16:32  Stalker x2  
  119  16:33  Stalker x2  
  128  16:59  Stalker  
  122  17:02  Stalker, Assimilator  
  113  17:39  Phoenix  
  113  17:40  Carrier x2, Pylon x2  
  113  17:43  Pylon  
  106  17:45  Pylon  
  106  17:47  Pylon  
  106  17:48  Stalker  
  106  17:49  Protoss Air Armor Level 2 (Chrono Boost)  
  100  18:54  Pylon  
  100  18:55  Pylon  
  100  18:57  Pylon  
  100  19:02  Pylon  
  100  19:12  Phoenix  
  100  19:16  Photon Cannon  
  100  19:17  Stalker  
  100  19:18  Photon Cannon x2  
  100  19:21  Pylon  
  100  19:22  Protoss Shields Level 1 (Chrono Boost)  
  102  19:26  Graviton Catapult (Chrono Boost)  
  100  19:34  Photon Cannon  
  94  19:40  Stalker x2  
  94  19:41  Stalker x2  
  102  19:54  Protoss Air Weapons Level 2 (Chrono Boost)  
  66  20:32  Phoenix  
  66  20:35  Photon Cannon x2  
  68  21:20  Probe  
  69  21:31  Nexus  
  69  21:32  Probe  
  70  21:38  Pylon  
  70  21:39  Pylon  
  70  21:44  Probe  
  69  21:59  Stalker  
  69  22:00  Stalker  
  73  22:04  Probe  
  42  22:16  Phoenix  
  30  22:23  Stalker  
  32  22:34  Stalker  
  30  22:42  Stalker  
Show
View Real Time Build Order
Export as new Build Order

CinDra Zerg - Winner!

Build Orders: Hatch First 

Get SALT Encoding   

  12  0:01  Drone  
  13  0:12  Overlord  
  13  0:17  Drone  
  14  0:30  Drone x2  
  14  0:34  Drone  
  17  0:45  Drone  
  18  0:56  Hatchery  
  17  0:59  Drone  
  18  1:07  Drone  
  19  1:18  Drone  
  20  1:23  Spawning Pool  
  19  1:39  Extractor, Drone x2  
  20  1:53  Overlord  
  20  2:05  Drone  
  21  2:11  Drone x2  
  21  2:12  Queen  
  21  2:13  Queen  
  27  2:20  Drone  
  27  2:21  Overlord  
  28  2:33  Drone  
  28  2:34  Drone  
  30  2:41  Zergling x2  
  31  2:52  Extractor  
  31  2:57  Drone x3  
  33  3:05  Zergling x4, Roach Warren  
  34  3:10  Queen  
  36  3:20  Drone x2  
  36  3:26  Metabolic Boost  
  38  3:33  Lair  
  38  3:40  Drone x4  
  38  3:41  Drone x2  
  44  3:42  Overlord  
  44  3:50  Pneumatized Carapace  
  44  4:03  Zergling x4  
  44  4:04  Zergling x8  
  44  4:05  Zergling x4  
  52  4:10  Overlord  
  52  4:15  Extractor  
  51  4:18  Extractor  
  51  4:19  Drone x2  
  52  4:33  Overseer  
  52  4:35  Overseer x2  
  52  4:36  Overseer  
  52  4:40  Zergling x2  
  52  4:41  Zergling x12  
  54  4:58  Drone x2  
  56  5:04  Roach x2  
  60  5:14  Spire  
  59  5:22  Overlord x2  
  55  5:56  Roach x4  
  55  5:57  Roach x5  
  65  5:58  Roach x2  
  65  6:01  Overlord  
  75  6:21  Drone x3  
  75  6:22  Drone  
  79  6:43  Drone x4  
  79  6:44  Drone  
  79  6:45  Overlord x4  
  84  6:53  Evolution Chamber  
  83  7:02  Evolution Chamber  
  82  7:10  Zerg Flyer Weapons Level 1  
  82  7:13  Mutalisk x5  
  92  7:24  Mutalisk  
  92  7:25  Mutalisk  
  96  7:47  Mutalisk  
  96  7:48  Mutalisk x2  
  96  7:51  Drone x5  
  103  7:52  Drone  
  108  8:05  Hatchery  
  99  8:44  Drone x2  
  99  8:45  Drone  
  102  8:55  Overlord x4  
  102  8:58  Zerg Missile Weapons Level 1, Zerg Ground Armor Level 1  
  102  9:28  Drone  
  102  9:29  Drone x8  
  111  9:36  Mutalisk  
  113  9:38  Drone  
  113  9:40  Mutalisk  
  116  9:53  Mutalisk x3  
  116  10:37  Drone x2  
  116  10:39  Extractor  
  117  10:42  Extractor  
  116  10:50  Mutalisk  
  116  10:51  Mutalisk x9  
  136  11:33  Drone  
  136  11:34  Drone x3  
  136  11:36  Drone x2  
  142  11:40  Mutalisk  
  142  11:41  Mutalisk x5  
  142  11:45  Overlord x3  
  154  11:57  Overlord  
  154  11:58  Overlord x6  
  154  12:14  Mutalisk  
  154  12:15  Mutalisk x5  
  166  12:22  Mutalisk  
  168  12:25  Roach x2  
  168  12:26  Roach  
  172  13:06  Roach  
  172  13:07  Roach x9  
  186  13:31  Mutalisk  
  186  13:32  Mutalisk x6  
  200  13:35  Zerg Missile Weapons Level 2  
  200  14:00  Zerg Ground Armor Level 2  
  200  14:02  Zerg Flyer Armor Level 1  
  184  14:51  Mutalisk x9  
  196  14:54  Roach  
  196  14:55  Zergling x4  
  200  16:11  Zerg Melee Weapons Level 1  
  200  16:12  Hatchery, Zerg Flyer Weapons Level 2  
  199  16:20  Infestation Pit  
  196  16:43  Corruptor  
  196  16:44  Corruptor x4  
  188  17:42  Corruptor x6  
  190  18:21  Mutalisk x6  
  200  18:28  Zerg Flyer Armor Level 2  
  200  18:47  Hive  
  200  18:50  Zerg Melee Weapons Level 2  
  170  20:26  Mutalisk x14  
  170  20:27  Mutalisk  
  192  20:46  Queen  
  194  20:56  Extractor  
  193  20:59  Extractor  
  192  21:44  Mutalisk x2  
  192  21:45  Mutalisk x2  
  181  22:16  Roach x9  
  181  22:17  Roach  
Tags
 
Add a new tag
Caveats
  • Supply blocks, unpowered buildings, or Contaminate may cause inaccurate times.
  • Supply counts are checked every 10 seconds.